WCHLSIM.com - West Coast Hockey League
html PUBLIC "-//W3C//DTD XHTML 1.0 Transitional//EN" "http://www.w3.org/TR/xhtml1/DTD/xhtml1-transitional.dtd"> WCHL - Game 1140 - EDMONTON ICE vs VICTORIA GLADIATORS

EDMONTON ICE vs VICTORIA GLADIATORS

Created - 1 avril 2024 at 15:51

Goals
1 2 3 T
EDMONTON ICE 2 1 1 4
VICTORIA GLADIATORS 1 0 0 1
Shots
1 2 3 T
EDMONTON ICE 7 6 7 20
VICTORIA GLADIATORS 7 7 12 26

1st period

1. EDMONTON ICE , Anthony Mantha 3 (Alex Tuch 56, Thomas Novak 19) at 4:51
2. EDMONTON ICE , Shea Theodore 8 (Dawson Mercer 17, Vitek Vanecek) at 9:11 (PP)
3. VICTORIA GLADIATORS , Brad Marchand 28 (David Pastrnak 41, Justin Faulk 25) at 14:14 (PP)

Penalties :
Justin Holl (VIC) for Roughing (Minor) at 2:50, Mark Scheifele (VIC) for Hooking (Minor) at 7:45, Jarred Tinordi (EDM) for Hooking (Minor) at 13:13

2nd period

4. EDMONTON ICE , Alex Tuch 36 (Dawson Mercer 18, Anthony Beauvillier 21) at 3:55

Penalties :
Justin Holl (VIC) for Hooking (Minor) at 17:13

3rd period

5. EDMONTON ICE , Anton Lundell 4 (Nino Niederreiter 8, Jonas Brodin 7) at 8:49

Penalties :
Jordan Spence (EDM) for Tripping (Minor) at 4:28

Goalie Stats

Vitek Vanecek (EDM), 25 saves from 26 shots - (0,962), W, 39-20-4, 60:00 minutes
Charlie Lindgren (VIC), 3 saves from 3 shots - (1,000), 11:11 minutes
Jake Oettinger (VIC), 13 saves from 17 shots - (0,765), L, 36-22-3, 48:49 minutes

Players Stats for EDMONTON ICE

Player Name              G  A  P  +/- PIM S  H  SB GA TA FO     MP     PP MP  PK MP  
------------------------------------------------------------------------------------
Alex Tuch                1  1  2   1  0   2  1  0  0  0  1/1    21:11   3:04   0:00 
Anthony Beauvillier      0  1  1   1  0   0  0  0  0  0  0/0    18:07   0:00   0:00 
Anthony Mantha           1  0  1   1  0   1  0  1  0  0  0/0     4:20   0:00   0:00 
Anton Lundell            1  0  1   2  0   2  1  0  0  0  10/20  17:36   0:00   1:22 
Austin Watson            0  0  0   1  0   0  0  0  0  0  0/1     5:28   0:00   1:08 
Dawson Mercer            0  2  2   1  0   2  1  0  0  0  10/21  21:05   2:20   0:38 
Evgeny Dadonov           0  0  0   1  0   2  0  0  0  0  1/1    11:54   0:00   0:00 
Jarred Tinordi           0  0  0   1  2   1  3  0  0  0  0/0    15:32   0:00   1:06 
Jonas Brodin             0  1  1   2  0   1  1  3  0  0  0/0    21:04   2:32   1:40 
Jordan Spence            0  0  0   2  2   0  0  2  0  0  0/0    19:43   2:52   0:00 
Nino Niederreiter        0  1  1   1  0   2  2  0  0  0  0/2    14:22   2:20   0:08 
Ryan Graves              0  0  0   0  0   0  0  1  0  0  0/0    22:22   2:32   1:54 
Scott Laughton           0  0  0   0  0   3  1  0  0  0  1/2    21:27   3:04   1:08 
Shea Theodore            1  0  1   0  0   2  2  0  0  0  0/0    23:23   2:52   0:14 
Tanner Jeannot           0  0  0   0  0   0  0  0  0  0  0/0     1:36   0:00   1:36 
Thomas Novak             0  1  1   0  0   1  0  0  0  0  13/20  20:19   3:04   0:00 
Tomas Tatar              0  0  0   0  0   1  0  0  0  0  0/1    19:35   2:20   0:00 
Zach Whitecloud          0  0  0   1  0   0  2  0  0  0  0/0    17:54   0:00   1:06 

Players Stats for VICTORIA GLADIATORS

Player Name              G  A  P  +/- PIM S  H  SB GA TA FO     MP     PP MP  PK MP  
------------------------------------------------------------------------------------
Adam Lowry               0  0  0  -2  0   1  1  0  0  0  12/18  18:23   1:39   0:00 
Alex Iafallo             0  0  0   0  0   4  0  0  0  0  0/0    14:57   0:00   3:14 
Barclay Goodrow          0  0  0   0  0   1  1  0  0  0  2/4    13:53   0:00   2:10 
Brad Marchand            1  0  1  -1  0   2  5  0  0  0  0/2    19:56   1:21   0:00 
Brandon Montour          0  0  0  -1  0   0  6  3  0  0  0/0    20:15   0:00   2:49 
Brock McGinn             0  0  0   0  0   0  1  0  0  0  0/0     4:56   0:00   0:22 
Cole Smith               0  0  0   0  0   1  1  0  0  0  0/0     6:13   1:39   0:00 
David Pastrnak           0  1  1  -1  0   3  2  1  0  0  0/3    19:56   1:21   0:00 
Frank Vatrano            0  0  0  -2  0   2  1  0  0  0  0/1    18:42   1:58   0:00 
Ivan Provorov            0  0  0  -1  0   0  2  0  0  0  0/0    24:16   1:58   1:50 
Jan Rutta                0  0  0   0  0   0  2  1  0  0  0/0    15:16   0:00   2:35 
Jason Zucker             0  0  0  -2  0   1  2  0  0  0  2/2    18:23   1:39   0:00 
Justin Faulk             0  1  1  -2  0   3  1  0  0  0  0/0    22:31   1:02   0:00 
Justin Holl              0  0  0  -1  4   1  1  0  0  0  0/0    15:27   1:02   0:45 
Mark Scheifele           0  0  0  -1  2   3  1  0  0  0  10/15  19:55   1:21   0:00 
Mason Appleton           0  0  0   0  0   2  0  0  0  0  1/5     6:26   0:00   1:52 
Noel Acciari             0  0  0   0  0   2  3  0  0  0  6/19   14:53   0:00   3:10 
Tyler Myers              0  0  0  -1  0   0  3  2  0  0  0/0    20:15   0:00   2:49 

3 Stars

1 - Alex Tuch (EDM)
2 - Anton Lundell (EDM)
3 - Dawson Mercer (EDM)

Power Play

EDMONTON ICE - 1 on 3 Attempt(s) - 33,33%
VICTORIA GLADIATORS - 1 on 2 Attempt(s) - 50,00%

Penalty Kill

EDMONTON ICE - 1 on 2 Attempt(s) - 50,00% - Score 0 goal in Penalty Kill
VICTORIA GLADIATORS - 2 on 3 Attempt(s) - 66,67% - Score 0 goal in Penalty Kill

Team Stat

EDMONTON ICE - Hits : 14 - Faceoff Wins : 36 - Blocked Shots : 7 - Penalty Minutes : 4
VICTORIA GLADIATORS - Hits : 33 - Faceoff Wins : 33 - Blocked Shots : 7 - Penalty Minutes : 6

Official

Referees : Sean MacFarlane and Dan Kelly
Linesman : Luke Murray and Brian Murphy

Game Notes

Charlie Lindgren enters game at 8:49 of 3rd period

Finance

Level 1 -- Attendance: 4559 (72,37%) -- Ticket Income 889 005 $
Level 2 -- Attendance: 2857 (53,91%) -- Ticket Income 471 405 $
Level 3 -- Attendance: 1553 (70,59%) -- Ticket Income 186 360 $
Level 4 -- Attendance: 2627 (62,55%) -- Ticket Income 223 295 $
Luxury Box -- Attendance: 834 (83,40%) -- Ticket Income 271 050 $
Game was played at the Verizon Center.
Total Attendance: 12430 (65,42%)
Total Ticket Income: 2 041 115 $
Other Expense: 20 411 $
Total Income: 2 020 704 $

EDMONTON ICE

5 vs 5 Forward 
   Center                   Left Wing                Right Wing               Time % Phy DF OF 
 1 Dawson Mercer            Anthony Beauvillier      Alex Tuch                36     0   2  3  
 2 Thomas Novak             Scott Laughton           Tomas Tatar              33     1   2  2  
 3 Anton Lundell            Nino Niederreiter        Evgeny Dadonov           24     1   3  1  
 4 Anton Lundell            Austin Watson            Anthony Mantha           7      0   3  2  

5 vs 5 Defense 
   Defense                  Defense                                           Time % Phy DF OF 
 1 Shea Theodore            Ryan Graves                                       37     1   2  2  
 2 Jonas Brodin             Jordan Spence                                     30     0   3  2  
 3 Zach Whitecloud          Jarred Tinordi                                    23     0   4  1  
 4 Zach Whitecloud          Shea Theodore                                     10     0   3  2  

PowerPlay Forward 
   Center                   Left Wing                Right Wing               Time % Phy DF OF 
 1 Thomas Novak             Scott Laughton           Alex Tuch                65     1   2  2  
 2 Dawson Mercer            Tomas Tatar              Nino Niederreiter        35     1   2  2  

PowerPlay Defense
   Defense                  Defense                                           Time % Phy DF OF 
 1 Shea Theodore            Jordan Spence                                     60     0   2  3  
 2 Ryan Graves              Jonas Brodin                                      40     0   2  3  

Penalty Kill 4 Players Forward 
   Center                   Wing                     Time % Phy DF OF 
 1 Anton Lundell            Tanner Jeannot           60     0   5  0  
 2 Scott Laughton           Austin Watson            40     0   5  0  

Penalty Kill 4 Players Defense
   Defense                  Defense                  Time % Phy DF OF 
 1 Ryan Graves              Jonas Brodin             60     0   5  0  
 2 Zach Whitecloud          Jarred Tinordi           40     0   5  0  

Penalty Kill - 3 Players Forward 
   Forward                                           Time % Phy DF OF 
 1 Anton Lundell                                     55     0   4  1  
 2 Thomas Novak                                      45     0   4  1  

Penalty Kill - 3 Players Defense
   Defense                  Defense                  Time % Phy DF OF 
 1 Zach Whitecloud          Ryan Graves              55     0   5  0  
 2 Jonas Brodin             Jarred Tinordi           45     0   5  0  

4 vs 4 Forward 
   Center                   Wing                     Time % Phy DF OF 
 1 Dawson Mercer            Nino Niederreiter        55     1   2  2  
 2 Thomas Novak             Evgeny Dadonov           45     1   2  2  

4 vs 4 Defense
   Defense                  Defense                  Time % Phy DF OF 
 1 Shea Theodore            Zach Whitecloud          55     1   2  2  
 2 Ryan Graves              Jarred Tinordi           45     1   2  2  

Last Minutes Offensive
   Center                   Left Wing                Right Wing               Defense                  Defense                  
   Scott Laughton           Tomas Tatar              Alex Tuch                Shea Theodore            Jonas Brodin             

Last Minutes Defensive
   Center                   Left Wing                Right Wing               Defense                  Defense                  
   Scott Laughton           Nino Niederreiter        Alex Tuch                Jonas Brodin             Ryan Graves              

Goaltenders
Starting : Vitek Vanecek            
Backup : Jonathan Quick           

Extra Forwards
Normal : Dawson Mercer, Tomas Tatar, Anton Lundell - PP : Thomas Novak, Dawson Mercer - PK : Dawson Mercer
Extra Defensemen
Normal : Shea Theodore, Jonas Brodin, Jordan Spence - PP : Jonas Brodin - PK : Ryan Graves, Shea Theodore
Penalty Shots
Alex Tuch, Thomas Novak, Dawson Mercer, Tomas Tatar, Nino Niederreiter
Custom OT Lines Forwards
Alex Tuch, Scott Laughton, Tomas Tatar, Nino Niederreiter, Dawson Mercer, Thomas Novak, Anthony Beauvillier, Anton Lundell, Evgeny Dadonov, Anthony Mantha
Custom OT Lines Defensemen
Shea Theodore, Jonas Brodin, Ryan Graves, Zach Whitecloud, Jordan Spence

Scratches
Jack Eichel (Sports Hernia Injury), Joshua Mahura (Healthy), Michael Matheson (Right Knee Injury)

VICTORIA GLADIATORS

5 vs 5 Forward 
   Center                   Left Wing                Right Wing               Time % Phy DF OF 
 1 Mark Scheifele           Brad Marchand            David Pastrnak           36     0   1  4  
 2 Adam Lowry               Frank Vatrano            Jason Zucker             34     1   2  2  
 3 Noel Acciari             Alex Iafallo             Barclay Goodrow          25     1   2  2  
 4 Mason Appleton           Cole Smith               Brock McGinn             5      0   4  1  

5 vs 5 Defense 
   Defense                  Defense                                           Time % Phy DF OF 
 1 Ivan Provorov            Justin Faulk                                      40     0   3  2  
 2 Brandon Montour          Tyler Myers                                       35     0   3  2  
 3 Justin Holl              Jan Rutta                                         25     0   4  1  
 4 Justin Holl              Justin Faulk                                      0      0   4  1  

PowerPlay Forward 
   Center                   Left Wing                Right Wing               Time % Phy DF OF 
 1 Mark Scheifele           Brad Marchand            David Pastrnak           60     0   1  4  
 2 Adam Lowry               Cole Smith               Jason Zucker             40     0   1  4  

PowerPlay Defense
   Defense                  Defense                                           Time % Phy DF OF 
 1 Ivan Provorov            Frank Vatrano                                     60     0   1  4  
 2 Justin Holl              Justin Faulk                                      40     0   1  4  

Penalty Kill 4 Players Forward 
   Center                   Wing                     Time % Phy DF OF 
 1 Noel Acciari             Alex Iafallo             60     1   2  2  
 2 Barclay Goodrow          Mason Appleton           40     1   2  2  

Penalty Kill 4 Players Defense
   Defense                  Defense                  Time % Phy DF OF 
 1 Brandon Montour          Tyler Myers              60     1   2  2  
 2 Justin Holl              Jan Rutta                40     1   2  2  

Penalty Kill - 3 Players Forward 
   Forward                                           Time % Phy DF OF 
 1 Noel Acciari                                      55     1   2  2  
 2 Barclay Goodrow                                   45     1   2  2  

Penalty Kill - 3 Players Defense
   Defense                  Defense                  Time % Phy DF OF 
 1 Brandon Montour          Tyler Myers              55     1   2  2  
 2 Ivan Provorov            Justin Faulk             45     1   2  2  

4 vs 4 Forward 
   Center                   Wing                     Time % Phy DF OF 
 1 Mark Scheifele           Brad Marchand            52     1   2  2  
 2 Adam Lowry               Jason Zucker             48     1   2  2  

4 vs 4 Defense
   Defense                  Defense                  Time % Phy DF OF 
 1 Justin Holl              Jan Rutta                52     1   2  2  
 2 Ivan Provorov            Justin Faulk             48     1   2  2  

Last Minutes Offensive
   Center                   Left Wing                Right Wing               Defense                  Defense                  
   Mark Scheifele           Brad Marchand            David Pastrnak           Ivan Provorov            Justin Faulk             

Last Minutes Defensive
   Center                   Left Wing                Right Wing               Defense                  Defense                  
   Noel Acciari             Alex Iafallo             Barclay Goodrow          Justin Holl              Tyler Myers              

Goaltenders
Starting : Jake Oettinger           
Backup : Charlie Lindgren         

Extra Forwards
Normal : David Pastrnak, Frank Vatrano, Jason Zucker - PP : Alex Iafallo, Barclay Goodrow - PK : Brock McGinn
Extra Defensemen
Normal : Justin Holl, Jan Rutta, Tyler Myers - PP : Brandon Montour - PK : Ivan Provorov, Tyler Myers
Penalty Shots
David Pastrnak, Mark Scheifele, Jason Zucker, Brad Marchand, Frank Vatrano
Custom OT Lines Forwards
David Pastrnak, Mark Scheifele, Brad Marchand, Frank Vatrano, Adam Lowry, Alex Iafallo, Jason Zucker, Barclay Goodrow, Noel Acciari, Mason Appleton
Custom OT Lines Defensemen
Brandon Montour, Justin Faulk, Ivan Provorov, Tyler Myers, Justin Holl

Scratches
Mikael Granlund (Lacerated Right Calf Injury), Niko Mikkola (Healthy)

% Time on Ice - EDMONTON ICE

Lines # - Real PCT - Wanted PCT - Time Play
Normal Forward
1 - 35% - 36% - 18:07
2 - 33% - 33% - 17:15
3 - 23% - 24% - 11:54
4 - 8% - 7% - 4:20
Normal Defense
1 - 35% - 37% - 17:56
2 - 33% - 30% - 16:52
3 - 28% - 23% - 14:27
4 - 5% - 10% - 2:21
PP Forward
1 - 57% - 65% - 3:04
2 - 43% - 35% - 2:20
PP Defense
1 - 53% - 60% - 2:52
2 - 47% - 40% - 2:32
PK Forward
1 - 62% - 60% - 1:52
2 - 38% - 40% - 1:08
PK Defense
1 - 63% - 60% - 1:54
2 - 37% - 40% - 1:06
PK3 Forward
1 - 0% - 55%
2 - 0% - 45%
PK3 Defense
1 - 0% - 55%
2 - 0% - 45%
44 Forward
1 - 0% - 55%
2 - 0% - 45%
44 Defense
1 - 0% - 55%
2 - 0% - 45%
Last Minute Offensive  - 0:00
Last Minute Defensive  - 0:00
Total
Forward - 60:00
Defense - 60:00

% Time on Ice - VICTORIA GLADIATORS

Lines # - Real PCT - Wanted PCT - Time Play
Normal Forward
1 - 36% - 36% - 18:35
2 - 32% - 34% - 16:44
3 - 23% - 25% - 11:43
4 - 9% - 5% - 4:34
Normal Defense
1 - 40% - 40% - 20:28
2 - 34% - 35% - 17:26
3 - 25% - 25% - 12:41
4 - 2% - 0% - 1:01
PP Forward
1 - 45% - 60% - 1:21
2 - 55% - 40% - 1:39
PP Defense
1 - 66% - 60% - 1:58
2 - 34% - 40% - 1:02
PK Forward
1 - 65% - 60% - 3:32
2 - 35% - 40% - 1:52
PK Defense
1 - 52% - 60% - 2:49
2 - 48% - 40% - 2:35
PK3 Forward
1 - 0% - 55%
2 - 0% - 45%
PK3 Defense
1 - 0% - 55%
2 - 0% - 45%
44 Forward
1 - 0% - 52%
2 - 0% - 48%
44 Defense
1 - 0% - 52%
2 - 0% - 48%
Last Minute Offensive  - 0:00
Last Minute Defensive  - 0:00
Total
Forward - 60:00
Defense - 60:00

Play-by-Play

1st period


0:01 of 1st period - Alex Tuch wins face-off versus Brad Marchand in neutral zone.
1:32 of 1st period - Thomas Novak is hit by Brandon Montour and loses puck.
2:12 of 1st period - Icing by Jan Rutta.
2:13 of 1st period - Noel Acciari wins face-off versus Dawson Mercer in VICTORIA GLADIATORS zone.
2:23 of 1st period - Shot by Barclay Goodrow.
2:23 of 1st period - Stopped by Vitek Vanecek with a rebound.
2:40 of 1st period - Alex Iafallo is hit by Shea Theodore and loses puck.
2:50 of 1st period - Minor Penalty to Justin Holl for Roughing.
2:51 of 1st period - Thomas Novak wins face-off versus Noel Acciari in VICTORIA GLADIATORS zone.
3:20 of 1st period - Shot by Thomas Novak.
3:20 of 1st period - Stopped by Jake Oettinger without a rebound.
3:21 of 1st period - Barclay Goodrow wins face-off versus Dawson Mercer in VICTORIA GLADIATORS zone.
3:27 of 1st period - Icing by Jonas Brodin.
3:28 of 1st period - Barclay Goodrow wins face-off versus Dawson Mercer in EDMONTON ICE zone.
3:35 of 1st period - Ivan Provorov is hit by Nino Niederreiter and loses puck.
3:42 of 1st period - Shot by Tomas Tatar.
3:42 of 1st period - Deflect By Nino Niederreiter.
3:42 of 1st period - Shot Misses the Net.
4:00 of 1st period - Shot by Dawson Mercer.
4:00 of 1st period - Shot Misses the Net.
4:02 of 1st period - Shot by Jonas Brodin.
4:02 of 1st period - Shot Misses the Net.
4:07 of 1st period - Tomas Tatar is hit by Jan Rutta.
4:11 of 1st period - Shot by Jonas Brodin.
4:11 of 1st period - Stopped by Jake Oettinger without a rebound.
4:12 of 1st period - Noel Acciari wins face-off versus Thomas Novak in VICTORIA GLADIATORS zone.
4:49 of 1st period - Shot by Alex Tuch.
4:49 of 1st period - Shot Blocked by Brandon Montour.
4:51 of 1st period - Shot by Anthony Mantha.
4:51 of 1st period - Goal by Anthony Mantha - EDMONTON ICE : 1 - VICTORIA GLADIATORS : 0.
4:52 of 1st period - Adam Lowry wins face-off versus Anton Lundell in neutral zone.
5:01 of 1st period - Zach Whitecloud is hit by Frank Vatrano and loses puck.
5:18 of 1st period - Icing by Zach Whitecloud.
5:19 of 1st period - Anton Lundell wins face-off versus Mark Scheifele in EDMONTON ICE zone.
5:40 of 1st period - Shot by Anton Lundell.
5:40 of 1st period - Shot Misses the Net.
5:52 of 1st period - Shot by Brad Marchand.
5:52 of 1st period - Shot Blocked by Jonas Brodin.
5:54 of 1st period - Shot by Justin Holl.
5:54 of 1st period - Stopped by Vitek Vanecek without a rebound.
5:55 of 1st period - Dawson Mercer wins face-off versus Noel Acciari in EDMONTON ICE zone.
6:04 of 1st period - Ryan Graves is hit by Barclay Goodrow and loses puck.
7:35 of 1st period - Shot by Scott Laughton.
7:35 of 1st period - Stopped by Jake Oettinger without a rebound.
7:36 of 1st period - Mark Scheifele wins face-off versus Anton Lundell in VICTORIA GLADIATORS zone.
7:45 of 1st period - Minor Penalty to Mark Scheifele for Hooking.
7:46 of 1st period - Thomas Novak wins face-off versus Noel Acciari in VICTORIA GLADIATORS zone.
7:47 of 1st period - Shot by Scott Laughton.
7:47 of 1st period - Shot Blocked by Tyler Myers.
7:49 of 1st period - Shot by Ryan Graves.
7:49 of 1st period - Shot Misses the Net.
9:11 of 1st period - Shot by Shea Theodore.
9:11 of 1st period - Goal by Shea Theodore - EDMONTON ICE : 2 - VICTORIA GLADIATORS : 0.
9:12 of 1st period - Anton Lundell wins face-off versus David Pastrnak in neutral zone.
9:35 of 1st period - Shot by Anton Lundell.
9:35 of 1st period - Stopped by Jake Oettinger without a rebound.
9:36 of 1st period - Jason Zucker wins face-off versus Dawson Mercer in VICTORIA GLADIATORS zone.
9:36 of 1st period - Jason Zucker is hit by Dawson Mercer.
9:50 of 1st period - Shot by Adam Lowry.
9:50 of 1st period - Shot Misses the Net.
11:09 of 1st period - Shot by David Pastrnak.
11:09 of 1st period - Stopped by Vitek Vanecek without a rebound.
11:10 of 1st period - Evgeny Dadonov wins face-off versus Barclay Goodrow in EDMONTON ICE zone.
11:10 of 1st period - Evgeny Dadonov is hit by Noel Acciari.
11:33 of 1st period - Noel Acciari is hit by Jarred Tinordi and loses puck.
12:01 of 1st period - Nino Niederreiter is hit by Brock McGinn and loses puck.
12:18 of 1st period - Shot by Cole Smith.
12:18 of 1st period - Shot Misses the Net.
12:20 of 1st period - Shot by Cole Smith.
12:20 of 1st period - Stopped by Vitek Vanecek with a rebound.
12:51 of 1st period - Brad Marchand is hit by Anton Lundell and loses puck.
13:01 of 1st period - Brad Marchand is hit by Jarred Tinordi and loses puck.
13:12 of 1st period - Shot by David Pastrnak.
13:12 of 1st period - Shot Misses the Net.
13:13 of 1st period - Minor Penalty to Jarred Tinordi for Hooking.
13:14 of 1st period - Scott Laughton wins face-off versus Adam Lowry in EDMONTON ICE zone.
13:20 of 1st period - Icing by Ivan Provorov.
13:21 of 1st period - Adam Lowry wins face-off versus Scott Laughton in VICTORIA GLADIATORS zone.
13:58 of 1st period - Shot by Frank Vatrano.
13:58 of 1st period - Shot Blocked by Ryan Graves.
14:14 of 1st period - Shot by David Pastrnak.
14:14 of 1st period - Deflect By Brad Marchand.
14:14 of 1st period - Goal by Brad Marchand - EDMONTON ICE : 2 - VICTORIA GLADIATORS : 1.
14:15 of 1st period - Dawson Mercer wins face-off versus Noel Acciari in neutral zone.
14:23 of 1st period - Off-side.
14:24 of 1st period - Thomas Novak wins face-off versus Mark Scheifele in neutral zone.
15:15 of 1st period - Icing by Ryan Graves.
15:16 of 1st period - Adam Lowry wins face-off versus Thomas Novak in EDMONTON ICE zone.
15:38 of 1st period - Scott Laughton is hit by Jason Zucker and loses puck.
15:52 of 1st period - Icing by Ivan Provorov.
15:53 of 1st period - Adam Lowry wins face-off versus Dawson Mercer in VICTORIA GLADIATORS zone.
16:37 of 1st period - Shot by Alex Iafallo.
16:37 of 1st period - Stopped by Vitek Vanecek without a rebound.
16:38 of 1st period - Mark Scheifele wins face-off versus Anton Lundell in EDMONTON ICE zone.
16:54 of 1st period - Anton Lundell is hit by Tyler Myers.
16:58 of 1st period - Shot by Anton Lundell.
16:58 of 1st period - Shot Misses the Net.
17:00 of 1st period - Shot by Jarred Tinordi.
17:00 of 1st period - Stopped by Jake Oettinger without a rebound.
17:01 of 1st period - Anton Lundell wins face-off versus Noel Acciari in VICTORIA GLADIATORS zone.
17:22 of 1st period - Shot by Anton Lundell.
17:22 of 1st period - Shot Misses the Net.
18:05 of 1st period - Off-side.
18:06 of 1st period - Adam Lowry wins face-off versus Dawson Mercer in neutral zone.
19:03 of 1st period - Anthony Beauvillier is hit by Tyler Myers.
19:15 of 1st period - Jonas Brodin is hit by Mark Scheifele and loses puck.
19:28 of 1st period - Shot by Brad Marchand.
19:28 of 1st period - Stopped by Vitek Vanecek without a rebound.
19:29 of 1st period - Anton Lundell wins face-off versus Mason Appleton in EDMONTON ICE zone.
19:42 of 1st period - Shot by Brock McGinn.
19:42 of 1st period - Shot Misses the Net.
Goals for this period are 2 for EDMONTON ICE vs 1 for VICTORIA GLADIATORS.
Shots for this period are 7 for EDMONTON ICE vs 7 for VICTORIA GLADIATORS.

2nd period


0:01 of 2nd period - Thomas Novak wins face-off versus Mark Scheifele in neutral zone.
0:45 of 2nd period - Icing by Ryan Graves.
0:46 of 2nd period - Jason Zucker wins face-off versus Thomas Novak in EDMONTON ICE zone.
0:46 of 2nd period - Brandon Montour is hit by Shea Theodore and loses puck.
1:46 of 2nd period - Icing by Brandon Montour.
1:47 of 2nd period - Dawson Mercer wins face-off versus Adam Lowry in VICTORIA GLADIATORS zone.
1:59 of 2nd period - Icing by Tyler Myers.
2:00 of 2nd period - Anton Lundell wins face-off versus Frank Vatrano in VICTORIA GLADIATORS zone.
2:16 of 2nd period - Off-side.
2:17 of 2nd period - Mark Scheifele wins face-off versus Dawson Mercer in neutral zone.
2:33 of 2nd period - Icing by Mark Scheifele.
2:34 of 2nd period - Anton Lundell wins face-off versus Mark Scheifele in VICTORIA GLADIATORS zone.
2:41 of 2nd period - Shot by Nino Niederreiter.
2:41 of 2nd period - Stopped by Jake Oettinger with a rebound.
3:55 of 2nd period - Shot by Alex Tuch.
3:55 of 2nd period - Goal by Alex Tuch - EDMONTON ICE : 3 - VICTORIA GLADIATORS : 1.
3:56 of 2nd period - Noel Acciari wins face-off versus Thomas Novak in neutral zone.
3:59 of 2nd period - Shot by Alex Iafallo.
3:59 of 2nd period - Shot Misses the Net.
4:51 of 2nd period - Shot by Nino Niederreiter.
4:51 of 2nd period - Shot Blocked by Jan Rutta.
5:35 of 2nd period - Shot by Adam Lowry.
5:35 of 2nd period - Stopped by Vitek Vanecek without a rebound.
5:36 of 2nd period - Dawson Mercer wins face-off versus Mason Appleton in EDMONTON ICE zone.
5:36 of 2nd period - Dawson Mercer is hit by Cole Smith.
5:47 of 2nd period - Dawson Mercer is hit by Ivan Provorov and loses puck.
5:54 of 2nd period - Shot by Anthony Beauvillier.
5:54 of 2nd period - Shot Misses the Net.
8:49 of 2nd period - Shot by Nino Niederreiter.
8:49 of 2nd period - Stopped by Jake Oettinger without a rebound.
8:50 of 2nd period - Anton Lundell wins face-off versus Mason Appleton in VICTORIA GLADIATORS zone.
8:55 of 2nd period - Shot by Anthony Mantha.
8:55 of 2nd period - Shot Blocked by Brandon Montour.
9:14 of 2nd period - Shot by Brock McGinn.
9:14 of 2nd period - Shot Misses the Net.
9:16 of 2nd period - Shot by Brandon Montour.
9:16 of 2nd period - Shot Misses the Net.
9:18 of 2nd period - Shot by Cole Smith.
9:18 of 2nd period - Shot Blocked by Jonas Brodin.
9:20 of 2nd period - Shot by Tyler Myers.
9:20 of 2nd period - Shot Blocked by Anthony Mantha.
9:24 of 2nd period - Shot by Mason Appleton.
9:24 of 2nd period - Deflect By Brock McGinn.
9:24 of 2nd period - Shot Misses the Net.
9:26 of 2nd period - Shot by Mason Appleton.
9:26 of 2nd period - Stopped by Vitek Vanecek with a rebound.
9:42 of 2nd period - Shot by Mark Scheifele.
9:42 of 2nd period - Stopped by Vitek Vanecek with a rebound.
9:44 of 2nd period - Shot by Justin Faulk.
9:44 of 2nd period - Shot Blocked by Jordan Spence.
9:46 of 2nd period - Shot by Justin Holl.
9:46 of 2nd period - Shot Blocked by Jordan Spence.
9:48 of 2nd period - Shot by Justin Faulk.
9:48 of 2nd period - Stopped by Vitek Vanecek without a rebound.
9:49 of 2nd period - Adam Lowry wins face-off versus Dawson Mercer in EDMONTON ICE zone.
10:56 of 2nd period - Scott Laughton is hit by Brad Marchand.
11:22 of 2nd period - Tomas Tatar is hit by Ivan Provorov.
11:41 of 2nd period - Icing by Shea Theodore.
11:42 of 2nd period - Noel Acciari wins face-off versus Nino Niederreiter in EDMONTON ICE zone.
11:49 of 2nd period - Shot by Noel Acciari.
11:49 of 2nd period - Stopped by Vitek Vanecek without a rebound.
11:50 of 2nd period - Dawson Mercer wins face-off versus Noel Acciari in EDMONTON ICE zone.
11:50 of 2nd period - Dawson Mercer is hit by Noel Acciari.
11:53 of 2nd period - Icing by Alex Tuch.
11:54 of 2nd period - Dawson Mercer wins face-off versus Noel Acciari in EDMONTON ICE zone.
12:35 of 2nd period - Shot by Dawson Mercer.
12:35 of 2nd period - Stopped by Jake Oettinger without a rebound.
12:36 of 2nd period - Mark Scheifele wins face-off versus Thomas Novak in VICTORIA GLADIATORS zone.
12:36 of 2nd period - Mark Scheifele is hit by Scott Laughton.
12:58 of 2nd period - Shot by Tomas Tatar.
12:58 of 2nd period - Shot Hit the Post.
13:05 of 2nd period - Ivan Provorov is hit by Zach Whitecloud and loses puck.
13:54 of 2nd period - Icing by Jonas Brodin.
13:55 of 2nd period - Adam Lowry wins face-off versus Anton Lundell in EDMONTON ICE zone.
14:19 of 2nd period - Anton Lundell is hit by Brandon Montour.
14:41 of 2nd period - Shot by Shea Theodore.
14:41 of 2nd period - Stopped by Jake Oettinger without a rebound.
14:42 of 2nd period - Thomas Novak wins face-off versus Noel Acciari in VICTORIA GLADIATORS zone.
14:43 of 2nd period - Shot by Scott Laughton.
14:43 of 2nd period - Shot Hit the Post.
15:58 of 2nd period - Shot by Mason Appleton.
15:58 of 2nd period - Stopped by Vitek Vanecek without a rebound.
15:59 of 2nd period - Adam Lowry wins face-off versus Dawson Mercer in EDMONTON ICE zone.
16:05 of 2nd period - Dawson Mercer is hit by Brandon Montour and loses puck.
16:33 of 2nd period - Dawson Mercer is hit by Brandon Montour and loses puck.
16:36 of 2nd period - Shot by Alex Tuch.
16:36 of 2nd period - Deflect By Dawson Mercer.
16:36 of 2nd period - Stopped by Jake Oettinger without a rebound.
16:37 of 2nd period - Mark Scheifele wins face-off versus Anton Lundell in VICTORIA GLADIATORS zone.
17:00 of 2nd period - Shot by Mark Scheifele.
17:00 of 2nd period - Stopped by Vitek Vanecek without a rebound.
17:01 of 2nd period - Dawson Mercer wins face-off versus Noel Acciari in EDMONTON ICE zone.
17:01 of 2nd period - Alex Tuch is hit by Noel Acciari and loses puck.
17:13 of 2nd period - Minor Penalty to Justin Holl for Hooking.
17:14 of 2nd period - Thomas Novak wins face-off versus Noel Acciari in VICTORIA GLADIATORS zone.
17:50 of 2nd period - Icing by Shea Theodore.
17:51 of 2nd period - Thomas Novak wins face-off versus Noel Acciari in EDMONTON ICE zone.
Goals for this period are 1 for EDMONTON ICE vs 0 for VICTORIA GLADIATORS.
Shots for this period are 6 for EDMONTON ICE vs 7 for VICTORIA GLADIATORS.

3rd period


0:01 of 3rd period - Mark Scheifele wins face-off versus Dawson Mercer in neutral zone.
0:12 of 3rd period - Shot by David Pastrnak.
0:12 of 3rd period - Stopped by Vitek Vanecek without a rebound.
0:13 of 3rd period - Thomas Novak wins face-off versus Adam Lowry in EDMONTON ICE zone.
0:13 of 3rd period - Scott Laughton is hit by Jason Zucker.
0:20 of 3rd period - Thomas Novak is hit by Brandon Montour and loses puck.
0:37 of 3rd period - Shot by Frank Vatrano.
0:37 of 3rd period - Shot Misses the Net.
0:44 of 3rd period - Off-side.
0:45 of 3rd period - Dawson Mercer wins face-off versus David Pastrnak in neutral zone.
1:40 of 3rd period - Alex Tuch is hit by Brad Marchand and loses puck.
2:00 of 3rd period - Shot by Scott Laughton.
2:00 of 3rd period - Stopped by Jake Oettinger without a rebound.
2:01 of 3rd period - Thomas Novak wins face-off versus Barclay Goodrow in VICTORIA GLADIATORS zone.
2:01 of 3rd period - Scott Laughton is hit by Tyler Myers and loses puck.
2:12 of 3rd period - Shot by Scott Laughton.
2:12 of 3rd period - Shot Blocked by Brandon Montour.
2:24 of 3rd period - Shot by Tomas Tatar.
2:24 of 3rd period - Stopped by Jake Oettinger without a rebound.
2:25 of 3rd period - Adam Lowry wins face-off versus Anton Lundell in VICTORIA GLADIATORS zone.
2:44 of 3rd period - Shot by Nino Niederreiter.
2:44 of 3rd period - Shot Misses the Net.
2:51 of 3rd period - Anton Lundell is hit by Jan Rutta and loses puck.
3:33 of 3rd period - Alex Iafallo is hit by Jonas Brodin and loses puck.
4:28 of 3rd period - Minor Penalty to Jordan Spence for Tripping.
4:29 of 3rd period - Mark Scheifele wins face-off versus Anton Lundell in EDMONTON ICE zone.
4:46 of 3rd period - Shot by David Pastrnak.
4:46 of 3rd period - Shot Misses the Net.
5:28 of 3rd period - Shot by Justin Faulk.
5:28 of 3rd period - Stopped by Vitek Vanecek without a rebound.
5:29 of 3rd period - Adam Lowry wins face-off versus Anton Lundell in EDMONTON ICE zone.
6:04 of 3rd period - Shot by Jason Zucker.
6:04 of 3rd period - Stopped by Vitek Vanecek without a rebound.
6:05 of 3rd period - Anton Lundell wins face-off versus David Pastrnak in EDMONTON ICE zone.
6:47 of 3rd period - Shot by Brandon Montour.
6:47 of 3rd period - Shot Misses the Net.
6:59 of 3rd period - Shot by Alex Tuch.
6:59 of 3rd period - Stopped by Jake Oettinger without a rebound.
7:00 of 3rd period - Adam Lowry wins face-off versus Thomas Novak in VICTORIA GLADIATORS zone.
7:14 of 3rd period - Off-side.
7:15 of 3rd period - Mark Scheifele wins face-off versus Anton Lundell in neutral zone.
7:22 of 3rd period - Shot by David Pastrnak.
7:22 of 3rd period - Stopped by Vitek Vanecek without a rebound.
7:23 of 3rd period - Mark Scheifele wins face-off versus Dawson Mercer in EDMONTON ICE zone.
7:29 of 3rd period - David Pastrnak is hit by Zach Whitecloud and loses puck.
7:35 of 3rd period - Alex Tuch is hit by David Pastrnak and loses puck.
8:05 of 3rd period - Shot by Alex Tuch.
8:05 of 3rd period - Shot Blocked by David Pastrnak.
8:39 of 3rd period - Shot by Nino Niederreiter.
8:39 of 3rd period - Shot Misses the Net.
8:41 of 3rd period - Shot by Evgeny Dadonov.
8:41 of 3rd period - Shot Blocked by Tyler Myers.
8:49 of 3rd period - Shot by Anton Lundell.
8:49 of 3rd period - Goal by Anton Lundell - EDMONTON ICE : 4 - VICTORIA GLADIATORS : 1.
8:49 of 3rd period - Charlie Lindgren enters game.
8:50 of 3rd period - Thomas Novak wins face-off versus Noel Acciari in neutral zone.
9:03 of 3rd period - Shot by Tomas Tatar.
9:03 of 3rd period - Deflect By Scott Laughton.
9:03 of 3rd period - Stopped by Charlie Lindgren without a rebound.
9:04 of 3rd period - Adam Lowry wins face-off versus Austin Watson in VICTORIA GLADIATORS zone.
9:39 of 3rd period - Shot by Frank Vatrano.
9:39 of 3rd period - Stopped by Vitek Vanecek without a rebound.
9:40 of 3rd period - Dawson Mercer wins face-off versus Mark Scheifele in EDMONTON ICE zone.
10:16 of 3rd period - Anthony Beauvillier is hit by Brad Marchand and loses puck.
10:57 of 3rd period - Icing by Tyler Myers.
10:58 of 3rd period - Anton Lundell wins face-off versus Adam Lowry in VICTORIA GLADIATORS zone.
11:20 of 3rd period - Adam Lowry is hit by Nino Niederreiter and loses puck.
11:37 of 3rd period - Shot by Frank Vatrano.
11:37 of 3rd period - Stopped by Vitek Vanecek without a rebound.
11:38 of 3rd period - Noel Acciari wins face-off versus Thomas Novak in EDMONTON ICE zone.
11:47 of 3rd period - Icing by Jordan Spence.
11:48 of 3rd period - Thomas Novak wins face-off versus Mason Appleton in EDMONTON ICE zone.
12:13 of 3rd period - Shot by Cole Smith.
12:13 of 3rd period - Shot Misses the Net.
13:16 of 3rd period - Shot by Brad Marchand.
13:16 of 3rd period - Shot Misses the Net.
13:26 of 3rd period - Shot by David Pastrnak.
13:26 of 3rd period - Shot Misses the Net.
13:46 of 3rd period - Tyler Myers is hit by Alex Tuch and loses puck.
14:30 of 3rd period - Shea Theodore is hit by Justin Holl and loses puck.
14:42 of 3rd period - Shot by Alex Iafallo.
14:42 of 3rd period - Stopped by Vitek Vanecek without a rebound.
14:43 of 3rd period - Mason Appleton wins face-off versus Nino Niederreiter in EDMONTON ICE zone.
14:56 of 3rd period - Mason Appleton is hit by Jarred Tinordi and loses puck.
15:05 of 3rd period - Shot by Justin Faulk.
15:05 of 3rd period - Stopped by Vitek Vanecek without a rebound.
15:06 of 3rd period - Thomas Novak wins face-off versus Brad Marchand in EDMONTON ICE zone.
15:06 of 3rd period - Scott Laughton is hit by Brad Marchand and loses puck.
15:13 of 3rd period - Thomas Novak is hit by David Pastrnak and loses puck.
15:17 of 3rd period - Scott Laughton is hit by Brad Marchand and loses puck.
15:37 of 3rd period - Icing by David Pastrnak.
15:38 of 3rd period - Mark Scheifele wins face-off versus Anton Lundell in VICTORIA GLADIATORS zone.
16:02 of 3rd period - Shot by Anton Lundell.
16:02 of 3rd period - Shot Misses the Net.
16:06 of 3rd period - Shot by Evgeny Dadonov.
16:06 of 3rd period - Stopped by Charlie Lindgren without a rebound.
16:07 of 3rd period - Thomas Novak wins face-off versus Noel Acciari in VICTORIA GLADIATORS zone.
16:07 of 3rd period - Scott Laughton is hit by Justin Faulk and loses puck.
16:44 of 3rd period - Shot by Alex Iafallo.
16:44 of 3rd period - Stopped by Vitek Vanecek with a rebound.
16:46 of 3rd period - Shot by Noel Acciari.
16:46 of 3rd period - Stopped by Vitek Vanecek without a rebound.
16:47 of 3rd period - Dawson Mercer wins face-off versus Adam Lowry in EDMONTON ICE zone.
16:51 of 3rd period - Alex Tuch is hit by Adam Lowry and loses puck.
17:25 of 3rd period - Dawson Mercer is hit by Brandon Montour and loses puck.
18:19 of 3rd period - Shot by Evgeny Dadonov.
18:19 of 3rd period - Stopped by Charlie Lindgren without a rebound.
18:20 of 3rd period - Noel Acciari wins face-off versus Tomas Tatar in VICTORIA GLADIATORS zone.
18:47 of 3rd period - Shot by Barclay Goodrow.
18:47 of 3rd period - Deflect By Alex Iafallo.
18:47 of 3rd period - Stopped by Vitek Vanecek with a rebound.
19:02 of 3rd period - Shot by Barclay Goodrow.
19:02 of 3rd period - Shot Blocked by Jonas Brodin.
19:54 of 3rd period - Shot by Mark Scheifele.
19:54 of 3rd period - Stopped by Vitek Vanecek without a rebound.
19:55 of 3rd period - Anton Lundell wins face-off versus Adam Lowry in EDMONTON ICE zone.
Goals for this period are 1 for EDMONTON ICE vs 0 for VICTORIA GLADIATORS.
Shots for this period are 7 for EDMONTON ICE vs 12 for VICTORIA GLADIATORS.


BLAKE
WHEELER
STEVEN
STAMKOS
DREW
DOUGHTY

EAST COAST

HOCKEY LEAGUE

  • 63.RHI2PIT5
  • 64.WOR4ATL3
  • 65.QUECHW
  • 66.CHATRV